 Dungeon Crawl Stone Soup version 0.24-a0-474-g47c397e050 (webtiles) character file.

Game seed: 1267102298003358350

1694 Elric the Insei (level 8, -19/68 HPs)
             Began as a Black Draconian Transmuter on July 5, 2019.
             Was a Believer of Okawaru.
             Killed from afar by a steam dragon (21 damage)
             ... with a ball of steam
             ... on level 8 of the Dungeon.
             The game lasted 00:12:29 (7344 turns).

Elric the Insei (Black Draconian Transmuter)        Turns: 7344, Time: 00:12:49

Health: -19/68     AC:  2    Str:  9 (12) XL:     8   Next: 72%
Magic:  13/14      EV: 23    Int: 14 (15) God:    Okawaru [**....]
Gold:   466        SH:  0    Dex: 15 (18) Spells: 9/15 levels left

rFire    . . .     SeeInvis .     - Unarmed
rCold    . . .     Gourm    .   (shield currently unavailable)
rNeg     . . .     Faith    .   (armour unavailable)
rPois    .         Spirit   .   (helmet currently unavailable)
rElec    .         Reflect  .   (cloak currently unavailable)
rCorr    .         Harm     .   (gloves currently unavailable)
MR       .....                  (boots currently unavailable)
Stlth    +.........             x - amulet of regeneration
HPRegen  0.61/turn              w - ring of poison resistance
MPRegen  0.14/turn              (no ring)

@: spider-form
A: tiny, (breathe lightning), unfitting armour, AC +6
a: End Transformation, Heroism, Renounce Religion


You were on level 8 of the Dungeon.
You worshipped Okawaru.
Okawaru was pleased with you.
You were hungry.
You were a venomous arachnid creature.
You visited 2 branches of the dungeon, and saw 9 of its levels.

You collected 466 gold pieces.

Inventory:

Hand Weapons
 u - a +4 dagger of holy wrath
Missiles
 a - 116 arrows
Jewellery
 j - an uncursed amulet of the acrobat
 p - an uncursed ring of ice
 w - a ring of poison resistance (left front leg)
 x - an amulet of regeneration (around neck)
 y - an uncursed ring of positive energy {unknown}
 B - an uncursed ring of protection from fire {unknown}
 E - an uncursed ring of fire {unknown}
Wands
 v - a wand of iceblast (7)
 A - a wand of disintegration (10)
 C - a wand of digging (2)
Scrolls
 b - 7 scrolls of remove curse
 e - 2 scrolls of enchant weapon {unknown}
 f - a scroll of fog {unknown}
 g - a scroll of immolation {unknown}
 h - 3 scrolls of enchant armour {unknown}
 i - a scroll of identify
 k - a scroll of noise {unknown}
 l - a scroll of magic mapping {unknown}
 s - a scroll of amnesia {unknown}
Potions
 d - a potion of might {unknown}
 m - a potion of lignification {unknown}
 n - a potion of heal wounds {unknown}
 o - 2 potions of haste
 q - a potion of agility {unknown}
 r - a potion of brilliance {unknown}
 t - 2 potions of degeneration
 z - 2 potions of resistance {unknown}
 D - a potion of curing {unknown}
Comestibles
 c - 13 rations


   Skills:
 + Level 5.0 Fighting
 - Level 5.0 Dodging
 - Level 6.3 Unarmed Combat
 - Level 4.0 Spellcasting
 + Level 5.2 Transmutations
 - Level 2.1 Poison Magic


You had 9 spell levels left.
You knew the following spells:

 Your Spells              Type           Power        Failure   Level  Hunger
a - Beastly Appendage     Tmut           ###...       9%          1    None
b - Sticks to Snakes      Tmut           ###.....     12%         2    ##.....
c - Spider Form           Tmut/Pois      ##........   30%         3    ###....

Your spell library contained the following spells:

 Spells                   Type           Power        Failure   Level  Hunger
 Animate Skeleton         Necr           N/A          38%         1    None
 Pain                     Necr           #...         38%         1    None
 Regeneration             Chrm/Necr      #.........   71%         3    ###....
 Vampiric Draining        Necr           #.........   71%         3    ###....
 Ice Form                 Ice/Tmut       ##......     75%         4    ####...
 Blade Hands              Tmut           ###.......   75%         5    ######.
 Animate Dead             Necr           N/A          96%         4    ####...


Dungeon Overview and Level Annotations

Branches:
Dungeon (8/15)             Temple (1/1) D:4
   Lair: D:8-11

Altars:
Ashenzari
Elyvilon
Fedhas
Gozag
Kikubaaqudgha
Makhleb
Nemelex Xobeh
Okawaru
Qazlal
Ru
Sif Muna
Trog
Uskayaw
Vehumet
Wu Jian
Xom
Yredelemnul
Zin
The Shining One

Shops:
D:4 ?   D:5 %   D:7 [


Innate Abilities, Weirdness & Mutations

((You can breathe wild blasts of lightning.))
((Your glossy black scales are hard. (AC +6)))
You cannot fit into any form of body armour.
((You are resistant to electric shocks. (rElec)))
((You are cold-blooded and may be slowed by cold attacks.))


Message History

The steam dragon is lightly wounded.
The orc priest calls down the wrath of Beogh upon you.
Beogh smites you! The steam dragon breathes steam at you.
The ball of steam hits you!!
An orc comes into view. It is wielding a +0 hand axe.
The steam dragon closely misses you. The steam dragon misses you.
The steam dragon breathes steam at you. The ball of steam hits you!!
* * * LOW HITPOINT WARNING * * *
You are engulfed in a cloud of scalding steam.
* * * LOW HITPOINT WARNING * * *
It was a potion of degeneration.
There was something very wrong with that liquid.
You feel weakened.
You feel dopey.
You feel clumsy.
You are engulfed in a cloud of scalding steam.
* * * LOW HITPOINT WARNING * * *
The steam dragon breathes steam at you. The ball of steam hits you!!
You die...

...####.##### #.#
##.#..|.....# #.#
#..#.#.###.# #.#
...###......# #.#
##..#.#.##..# #.#
#.#.##.##..# #.# #.#.
#.##..####.############
...
#.#.......§§Do.o.......
#.#
#.#.......s####..#####
.. ###+###......##..#
## ###.###.#o.# ###
#..#.########
#.###o...oo.#
..#.#.###.##.# #.# ..#
#..... #.####


You could see a steam dragon and an orc.

Vanquished Creatures
  2 hungry ghosts (D:7)
  A black bear (D:6)
  2 orc warriors
  An ice beast (D:5)
  A sky beast (D:6)
  A centaur (D:7)
  2 bullfrogs (D:7)
  A scorpion (D:5)
  2 howler monkeys (D:5)
  A crimson imp (D:7)
  3 orc priests
  2 hounds
  7 orc wizards
  3 worker ants
  3 gnolls (D:7)
  An adder (D:4)
  2 shadow imps
  2 oozes
  3 worms
  2 dart slugs
  6 leopard geckos
  22 orcs
  A ball python (D:5)
  6 giant cockroaches
  2 hobgoblins
  11 jackals
  2 quokkas
  4 bats
  2 frilled lizards (D:1)
  5 goblins
  A jackal skeleton (D:4)
  8 kobolds
  A leopard gecko zombie (D:6)
  2 quokka skeletons (D:4)
  6 rats
121 creatures vanquished.

Notes
Turn   | Place    | Note
-------+----------+-------------------------------------------
     0 | D:1      | Elric the Draconian Transmuter began the quest for the Orb.
     0 | D:1      | Reached XP level 1. HP: 16/16 MP: 3/3
   192 | D:1      | Reached XP level 2. HP: 23/23 MP: 1/5
   379 | D:1      | Reached skill level 4 in Unarmed Combat
   923 | D:2      | Reached XP level 3. HP: 28/28 MP: 4/6
  1900 | D:3      | Reached skill level 5 in Unarmed Combat
  1900 | D:3      | Reached XP level 4. HP: 11/35 MP: 5/7
  2428 | D:3      | Reached XP level 5. HP: 27/40 MP: 6/8
  2733 | D:3      | Learned a level 2 spell: Sticks to Snakes
  2737 | D:3      | Learned a level 3 spell: Spider Form
  3152 | D:4      | Found a bloodstained altar of Trog.
  3152 | D:4      | Found a glowing golden altar of the Shining One.
  3156 | D:4      | Found an ancient bone altar of Kikubaaqudgha.
  3293 | D:4      | Reached XP level 6. HP: 32/47 MP: 7/9
  3453 | D:4      | Found Faiv's Magic Scroll Shoppe.
  4043 | D:4      | Found a staircase to the Ecumenical Temple.
  4191 | Temple   | Entered the Ecumenical Temple
  4284 | Temple   | Became a worshipper of Warmaster Okawaru
  4332 | D:5      | Entered Level 5 of the Dungeon
  4372 | D:5      | Reached skill level 5 in Transmutations
  4804 | D:5      | Found Ceddov's Food Shoppe.
  5002 | D:5      | Reached skill level 1 in Poison Magic
  5048 | D:5      | Noticed an ice beast
  5068 | D:5      | Killed an ice beast
  5068 | D:5      | Your scales start taking on a glossy black colour.
  5068 | D:5      | Reached XP level 7. HP: 23/52 MP: 9/11
  5068 | D:5      | Gained mutation: You are resistant to electric shocks.
                  | (rElec) [Black Draconian growth]
  5251 | D:5      | Found a glowing silver altar of Zin.
  5927 | D:6      | Found a hide-covered altar of Uskayaw.
  6122 | D:6      | Reached * piety under Okawaru
  6422 | D:7      | Found Xier Poc's Armour Boutique.
  6447 | D:7      | Noticed a hungry ghost
  6455 | D:7      | Killed a hungry ghost
  6455 | D:7      | Reached XP level 8. HP: 66/66 MP: 12/14
  6744 | D:7      | Reached skill level 5 in Fighting
  7103 | D:8      | Reached skill level 5 in Dodging
  7114 | D:8      | Reached ** piety under Okawaru
  7114 | D:8      | Reached skill level 6 in Unarmed Combat
  7344 | D:8      | HP: 1/68 [steam dragon] (4)]
  7344 | D:8      | Killed from afar by a steam dragon

Levels and vault maps discovered:
D:1:      lightli_arrival_lavapool, layout_loops_ring
D:2:      layout_loops_ring
D:3:      layout_loops_ring, minmay_fractal_squares_gapless_5
D:4:      layout_cave_pools, grunt_temple_overflow_open,
          minmay_temple_entry_nine_rooms, first_ration, serial_shops, shop_coins
D:5:      layout_basic, kennysheep_mini_moat, serial_shops,
          nicolae_shop_window_shopping, minmay_misc_feat_x, supply_closet_lemuel
D:6:      layout_basic, nicolae_overflow_crystal_walls
D:7:      layout_loops_cross, serial_shops, nicolae_shop_behind_doors,
          dk_noncrumbling_4
D:8:      layout_loops_ring, cheibrodos_worm_habitat,
          gammafunk_temple_overflow_pools, grunt_pizzeria
Temple:   zaba_magenta_temple

Skill      XL: |  1  2  3  4  5  6  7  8 |
---------------+-------------------------+-----
Unarmed Combat | 4 5 6 |  6.3
Transmutations | 4 5 |  5.2
Poison Magic   | 2 |  2.1
Spellcasting   | 3 4 |  4.0
Fighting       | 4 5 |  5.0
Dodging        | 3 5 |  5.0

Action                   |  1- 3 |  4- 6 |  7- 9 || total
-------------------------+-------+-------+-------++-------
Melee: Unarmed           |    99 |   173 |   133 ||   405
       Tailslap          |    15 |    20 |     1 ||    36
       Headbutt          |     4 |    20 |       ||    24
       Kick              |    10 |    17 |       ||    27
       Punch             |     1 |     3 |       ||     4
       Dagger            |       |    16 |       ||    16
 Cast: Beastly Appendage |    30 |    34 |       ||    64
       Spider Form       |       |       |    20 ||    20
 Abil: Breathe Lightning |       |       |     1 ||     1
  Use: Scroll            |       |     4 |     1 ||     5
       Potion            |       |       |     1 ||     1
 Stab: Sleeping          |       |       |     1 ||     1
  Eat: Chunk             |     4 |     7 |     9 ||    20
       Ration            |       |     2 |       ||     2
Armor: Skin              |    29 |    38 |    10 ||    77
Dodge: Dodged            |    57 |    89 |   123 ||   269

Table legend:
 A = Non-vault XP
 B = Vault XP
 C = Vault XP percentage of total XP
 D = Non-vault monster count
 E = Vault monster count
 F = Vault count percentage of total count
                 A         B        C        D         E       F
            +---------+---------+-------+---------+---------+-------
      Total |    2281 |     140 |   5.8 |     117 |       4 |   3.3
            +---------+---------+-------+---------+---------+-------
        D:1 |      37 |       0 |   0.0 |      20 |       0 |   0.0
        D:2 |      23 |       0 |   0.0 |      12 |       0 |   0.0
        D:3 |     226 |       7 |   3.0 |      25 |       3 |  10.7
        D:4 |     178 |       0 |   0.0 |      15 |       0 |   0.0
        D:5 |     339 |       0 |   0.0 |       9 |       0 |   0.0
        D:6 |     442 |       0 |   0.0 |      12 |       0 |   0.0
        D:7 |     996 |       0 |   0.0 |      23 |       0 |   0.0
        D:8 |      40 |     133 |  76.9 |       1 |       1 |  50.0
            +---------+---------+-------+---------+---------+-------
